 Dungeon Crawl Stone Soup version 0.17.1-1-g73c8601 (webtiles) character file.

121 Yakui the Spear-Bearer (level 5, -5/38 HPs)
             Began as a Merfolk Gladiator on Dec 25, 2015.
             Killed from afar by Crazy Yiuf (6 damage)
             ... with a wand of frost
             ... on level 2 of the Dungeon.
             The game lasted 00:11:03 (3070 turns).

Yakui the Spear-Bearer (Merfolk Gladiator)          Turns: 3070, Time: 00:11:04

Health: -5/38      AC:  4    Str: 15    XL:     5   Next: 5%
Magic:  5/5        EV: 13    Int:  8    God:
Gold:   64         SH:  0    Dex: 15    Spells: 0 memorised, 4 levels left

rFire  . . .     SeeInvis .     a - +0 trident
rCold  . . .     Clarity  .     b - +0 leather armour
rNeg   . . .     SustAt   .     (no shield)
rPois  .         Gourm    .     c - +0 helmet
rElec  .         Spirit   .     (no cloak)
rCorr  +         Warding  .     (no gloves)
rMut   .         Stasis   .     (no boots)
MR     .....                    p - amulet of resist corrosion
Stlth  +.........               (no ring)
                                (no ring)

@: not resistant to hostile enchantments, very unstealthy
A: change form in water, swift swim
a: no special abilities


You were on level 2 of the Dungeon.
You were not hungry.

You visited 1 branch of the dungeon, and saw 2 of its levels.

You collected 64 gold pieces.

Inventory:

Hand Weapons
 a - a +0 trident (weapon)
Missiles
 d - 3 throwing nets
 w - 3 javelins (quivered)
Armour
 b - a +0 leather armour (worn)
 c - a +0 helmet (worn)
Jewellery
 p - an amulet of resist corrosion (around neck)
Scrolls
 j - 2 scrolls of enchant armour {unknown}
 n - a scroll of noise {unknown}
Potions
 g - 2 potions of magic
 h - a potion of heal wounds
 m - a potion of curing
 u - a potion of resistance {unknown}
Comestibles
 e - 4 bread rations
 f - a royal jelly
 i - a chunk of flesh
 v - 2 slices of pizza


   Skills:
 + Level 2.1 Fighting
 - Level 8.0 Polearms
 - Level 2.0 Throwing
 - Level 4.0 Dodging
 + Level 0.5 Stealth


You had 4 spell levels left.
You didn't know any spells.

Dungeon Overview and Level Annotations

Branches:
Dungeon (2/15)

Altars:

Annotations:
D:2 Crazy Yiuf


Message History

* * * LOW HITPOINT WARNING * * *
You are too injured to fight recklessly!
You are too injured to fight recklessly!
You are too injured to fight recklessly!
Evoke which item? (* to show all) (? for menu, Esc to quit)
Attack whom?
Press: ? - help, Dir - move target cursor, f/p - Crazy Yiuf
Aim: Crazy Yiuf, wielding a quarterstaff of chaos, wearing a cloak and carrying a wand of frost {zapped: 33} (almost dead)
You reach to attack!
You barely miss Crazy Yiuf.
Crazy Yiuf is almost dead.
Some of the chunks of flesh in your inventory have rotted away.
You hit Crazy Yiuf but do no damage.
Crazy Yiuf is almost dead.
Crazy Yiuf grits, "Adder!
Flower fast tortoise."
Crazy Yiuf zaps a wand.
The puff of frost hits you!
* * * LOW HITPOINT WARNING * * *
You completely miss Crazy Yiuf.
Crazy Yiuf is almost dead.
Crazy Yiuf zaps a wand.
The puff of frost hits you!
You die...

#..# #..#####..# #.# #..#
#..# #.........# #.###.(#
#..# #.........# #......(
#.g#####..###....#######..#
#.................# #..#
#......#..........######..#
#####.###..................
#.###..................
#.....@g..........)<..#
#####.........#########
#.........# #.........#
#.........# ###########


You could see Crazy Yiuf.

Vanquished Creatures
  3 gnolls
  4 adders
  2 worms (D:2)
  3 giant geckos
  6 hobgoblins
  8 kobolds
  2 quokkas (D:2)
  A ball python (D:1)
  5 bats
  2 giant cockroaches (D:1)
  7 giant newts
  5 goblins
  9 rats
57 creatures vanquished.

Notes
Turn   | Place    | Note
--------------------------------------------------------------
     0 | D:1      | Yakui the Merfolk Gladiator began the quest for the Orb.
     0 | D:1      | Reached XP level 1. HP: 16/16 MP: 1/1
   159 | D:1      | Reached skill level 5 in Polearms
   181 | D:1      | Reached XP level 2. HP: 22/22 MP: 2/2
   608 | D:2      | Reached skill level 6 in Polearms
   608 | D:2      | Reached XP level 3. HP: 27/27 MP: 3/3
   978 | D:2      | Reached XP level 4. HP: 33/33 MP: 4/4
  1042 | D:2      | Reached skill level 7 in Polearms
  1543 | D:2      | Reached skill level 8 in Polearms
  1572 | D:2      | Noticed Crazy Yiuf
  2210 | D:1      | Reached XP level 5. HP: 38/38 MP: 5/5
  3069 | D:2      | HP: 1/38 [Crazy Yiuf/wand of frost (5)]
  3070 | D:2      | Killed from afar by Crazy Yiuf

Action                   |  1- 3 |  4- 6 || total
-------------------------+-------+-------++-------
Melee: Trident           |   108 |    85 ||   193
  Use: Scroll            |       |     8 ||     8
 Stab: Sleeping          |     2 |       ||     2
  Eat: Chunk             |       |     5 ||     5
       Meat ration       |       |     1 ||     1
